 Dungeon Crawl Stone Soup version 0.30-a0-629-gd54f4be4f7 (console) character file.

Game seed: 17622373603308300453

2061 jejorda2 the Spear-Bearer (level 9, -1/69 HPs)
             Began as a Merfolk Berserker on Jan 12, 2023.
             Was a Priest of Trog.
             Slain by Maggie
             ... wielding a +0 halberd
              (8 damage)
             ... on level 7 of the Dungeon.
             The game lasted 00:13:10 (5186 turns).

jejorda2 the Spear-Bearer (Merfolk Berserker)       Turns: 5186, Time: 00:13:10

Health: -1/69      AC: 14    Str: 22    XL:     9   Next: 25%
Magic:  9/9        EV:  8    Int:  6    God:    Trog [***...]
Gold:   49         SH:  0    Dex: 13    Spells: 8/8 levels left

rFire   . . .      SeeInvis +    a - +1 scythe
rCold   . . .      Faith    .    (shield currently unavailable)
rNeg    . . .      Spirit   .    r - +0 plate armour
rPois   .          Reflect  .    o - +2 helmet {SInv}
rElec   .          Harm     .    (no cloak)
rCorr   .          Rampage  .    (no gloves)
Will    ++...                    (no boots) Stlth
                                 h - amulet of regeneration
HPRegen 2.11/turn                (no ring)
MPRegen 0.11/turn                (no ring)

@: mighty, lethally poisoned (-1 -> -1), strong-willed, regenerating, slowed,
very slow
A: (nimble swimmer 2), mertail
a: Renounce Religion, Berserk, Trog's Hand


You were on level 7 of the Dungeon.
You worshipped Trog.
Trog was most pleased with you.
You visited 1 branch of the dungeon, and saw 7 of its levels.

You collected 322 gold pieces.
You spent 273 gold pieces at shops.

Inventory:

Hand Weapons
 a - a +1 scythe (weapon)
 b - a +0 trident
Missiles
 c - 17 poisoned darts
 f - 47 stones (quivered)
 k - 2 throwing nets
Armour
 o - a +2 helmet of see invisible (worn)
 r - a +0 plate armour (worn)
Jewellery
 h - an amulet of regeneration (around neck)
 m - a ring of protection from fire
Scrolls
 d - 3 scrolls of enchant armour
 l - 2 scrolls of blinking
 v - 3 scrolls of magic mapping
Potions
 e - 3 potions of might
 g - 2 potions of heal wounds {unknown}
 i - a potion of cancellation
 j - a potion of invisibility {unknown}
 n - a potion of lignification {unknown}
 p - 4 potions of curing {unknown}
 q - a potion of berserk rage {unknown}
 s - a potion of ambrosia {unknown}
 t - 3 potions of attraction
 u - a potion of brilliance {unknown}


   Skills:
 - Level 6.0 Fighting
 * Level 13.1 Polearms
 + Level 2.5 Armour
 - Level 6.0 Dodging


You had 8 spell levels left.
You didn't know any spells.
Your spell library was empty.

Dungeon Overview and Level Annotations

Branches:
Dungeon (7/15)             Temple (0/1) D:4

Altars:
Ashenzari
Elyvilon
Fedhas

Shops:
D:4 (*:?

Annotations:
D:7 Maggie


Innate Abilities, Weirdness & Mutations

((You are very nimble when in or above water. (Stealth+, EV+, Speed+++)))
Your lower body shifts to a powerful aquatic tail in water.


Message History

The sky beast hits you but does no damage.
Maggie barely misses you.
The hornet stings you but does no damage.
The sky beast hits you but does no damage.
Maggie barely misses you.
You closely miss Maggie.
Maggie is lightly wounded.
You feel sick. The hornet stings you.
You feel as though you will be slow longer.
The hornet stings you!
You are more poisoned.
You feel as though you will be slow longer.
The sky beast barely misses you. Maggie closely misses you.
You barely miss Maggie.
Maggie is lightly wounded.
You feel very sick. The hornet stings you!
* * * LOW HITPOINT WARNING * * *
You feel as though you will be slow longer.
The sky beast hits you but does no damage.
Maggie hits you but does no damage. The hornet stings you.
* * * LOW HITPOINT WARNING * * *
You feel as though you will be slow longer.
You barely miss Maggie.
Maggie is lightly wounded.
You feel very sick.
The hornet stings you but does no damage.
The sky beast hits you.
* * * LOW HITPOINT WARNING * * *
The sky beast shocks you.
* * * LOW HITPOINT WARNING * * *
Maggie hits you but does no damage.
The hornet stings you but does no damage.
You impale the hornet!!
The hornet is severely wounded.
You break out of your daze.
You feel sick.
The sky beast hits you but does no damage.
Maggie hits you with a +0 halberd!
You die...

....... .^.......
......... .
#..(..... .. ##
###........
...##.##..........
#.................
#.........Y@......
.........y@.......
##....#...........
#...###.##........
#... #..#.........
#....##.##........
#...#..#........#
#.....#........#
#..##...........
##...........


You could see Maggie, a hornet and a sky beast.

Vanquished Creatures
  Grinder (D:3)
  Sigmund (D:2)
  Eustachio (D:6)
  An orc warrior (D:6)
  2 sky beasts
  A black bear (D:6)
  A necrophage (D:5)
  3 gnoll sergeants
  A scorpion (D:4)
  5 hounds
  2 orc priests (D:6)
  2 jellies
  A gnoll bouda (D:5)
  7 iguanas
  Robin (D:2)
  24 gnolls
  6 adders
  A shadow imp (D:5)
  An ufetubus (D:5)
  A dart slug (D:2)
  3 worms
  9 orcs
  12 ball pythons
  6 bats
  2 endoplasms
  3 giant cockroaches
  19 goblins
  10 hobgoblins
  7 kobolds
  3 quokkas
  4 frilled lizards
  9 rats
150 creatures vanquished.

Notes
Turn   | Place    | Note
-------+----------+-------------------------------------------
     0 | D:1      | jejorda2 the Merfolk Berserker began the quest for the Orb.
     0 | D:1      | Reached XP level 1. HP: 18/18 MP: 1/1
   377 | D:1      | Reached XP level 2. HP: 24/24 MP: 2/2
   729 | D:1      | Reached XP level 3. HP: 28/29 MP: 3/3
  1049 | D:2      | Reached skill level 5 in Polearms
  1052 | D:2      | Noticed Robin
  1059 | D:2      | Killed Robin
  1067 | D:2      | Reached ** piety under Trog
  1129 | D:2      | Reached XP level 4. HP: 37/37 MP: 4/4
  1957 | D:2      | Found a white marble altar of Elyvilon.
  1961 | D:2      | Noticed Sigmund
  1971 | D:2      | Killed Sigmund
  1972 | D:2      | Reached skill level 6 in Polearms
  1972 | D:2      | Reached XP level 5. HP: 43/43 MP: 5/5
  1972 | D:2      | Reached XP level 6. HP: 49/49 MP: 6/6
  2106 | D:3      | Found a blossoming altar of Fedhas.
  2110 | D:3      | Found a broken altar of Ashenzari.
  2131 | D:3      | Noticed Grinder
  2146 | D:3      | Killed Grinder
  2147 | D:3      | Reached skill level 5 in Fighting
  2147 | D:3      | Reached skill level 7 in Polearms
  2147 | D:3      | Reached skill level 5 in Dodging
  2273 | D:3      | Reached XP level 7. HP: 56/56 MP: 7/7
  2946 | D:4      | Found Deliug's Magic Scroll Shop.
  2966 | D:4      | Bought a scroll of blinking for 75 gold pieces
  2966 | D:4      | Bought a scroll of identify for 20 gold pieces
  2966 | D:4      | Bought a scroll of magic mapping for 75 gold pieces
  3010 | D:4      | Reached skill level 8 in Polearms
  3067 | D:4      | Found a staircase to the Ecumenical Temple.
  3240 | D:4      | Found Rooma's Assorted Antiques.
  3244 | D:4      | Found Xub Vof's Weapon Boutique.
  3259 | D:4      | Found Cuofamum's Book Shop.
  3391 | D:4      | Bought a scroll labelled DUMPACAPNU for 28 gold pieces
  3431 | D:5      | Entered Level 5 of the Dungeon
  3495 | D:5      | Reached skill level 9 in Polearms
  3495 | D:5      | Reached XP level 8. HP: 62/62 MP: 8/8
  3515 | D:5      | Reached *** piety under Trog
  3579 | D:5      | Reached skill level 10 in Polearms
  4219 | D:6      | Reached skill level 11 in Polearms
  4330 | D:6      | Reached skill level 12 in Polearms
  4601 | D:6      | Noticed Eustachio
  4610 | D:6      | Killed Eustachio
  4611 | D:6      | Reached XP level 9. HP: 69/69 MP: 9/9
  5076 | D:4      | Bought a fuming cyan potion for 25 gold pieces
  5076 | D:4      | Bought a glowing cyan potion for 25 gold pieces
  5076 | D:4      | Bought a lumpy green potion for 25 gold pieces
  5148 | D:7      | Reached skill level 13 in Polearms
  5173 | D:7      | Noticed a hornet
  5174 | D:7      | Noticed Maggie
  5179 | D:7      | Paralysed by a hornet for 1 turns
  5186 | D:7      | Slain by Maggie

Illustrated notes

Levels and vault maps discovered:
D:1:      mrwooster_arrival_statue_2, layout_basic, grunt_decor_junction,
          minmay_tiny_reverse_x
D:2:      minmay_door_path, layout_basic, basic_altar,
          chequers_serial_rivers_micro_b, uniq_robin, uniq_sigmund
D:3:      layout_loops_ring, nicolae_overflow_hidden_temple, serial_aquarium,
          aquarium_bridge_straight [aquarium_subvault_bridge,
          aquarium_subvault_wall, aquarium_subvault_bridge,
          aquarium_subvault_wall], aquarium_window_fake, aquarium_window_3,
          aquarium_window_1, aquarium_view_2a, minmay_misc_feat_chi,
          minmay_cut_off, uniq_grinder
D:4:      layout_rooms, minmay_temple_entry_slanted, serial_shops, shop,
          shop_statue, nicolae_shop_waterfront, nicolae_shop_overgrown_old_shop
D:5:      nicolae_BIG_FREAKIN_CUBE, layout_cave_pools
D:6:      layout_basic, lemuel_flame_loot_1, uniq_eustachio
D:7:      layout_cave_pools, uniq_maggie

Skill      XL: |  1  2  3  4  5  6  7  8  9 |
---------------+----------------------------+-----
Dodging        | 3 4 5 6 |  6.0
Polearms       | 5 6 7 9 12 13 | 13.1
Fighting       | 4 5 6 |  6.0
Armour         | 2 |  2.5

Action                   |  1- 3 |  4- 6 |  7- 9 || total
-------------------------+-------+-------+-------++-------
Melee: Spear             |   103 |       |       ||   103
       Trident           |     9 |    59 |       ||    68
       Punch             |       |     2 |       ||     2
       Halberd           |       |    24 |   317 ||   341
Throw: Dart              |     1 |       |       ||     1
       Stone             |       |       |     1 ||     1
Invok: Trog's Hand       |       |     2 |     3 ||     5
       Berserk           |       |     1 |     1 ||     2
  Use: Scroll            |       |       |    13 ||    13
       Potion            |       |       |     1 ||     1
 Stab: Sleeping          |     1 |       |       ||     1
Armor: Animal skin       |    12 |       |       ||    12
       Ring mail         |    10 |    23 |    36 ||    69
       Plate armour      |       |       |    37 ||    37
Dodge: Dodged            |    39 |    37 |   187 ||   263

Table legend: (Time is in decaauts)
 A = Elapsed time spent in this place.
 B = Non-inter-level travel time spent in this place.
 C = Inter-level travel time spent in this place.
 D = Time resting spent in this place.
 E = Time spent auto-exploring this place.
 F = Levels seen in this place.
 G = Mean time per level.
                   A        B        C        D        E       F      G
               +--------+--------+--------+--------+--------+-----+--------+
         Total |   5181 |   4808 |    373 |    179 |   3635 |   7 |  740.1 |
       Dungeon |   5181 |   4808 |    373 |    179 |   3635 |   7 |  740.1 |
               +--------+--------+--------+--------+--------+-----+--------+

Top non-repeatable levels by time:
     D:2: 1073 daAuts
     D:6: 996 daAuts
     D:1: 985 daAuts
     D:3: 847 daAuts
     D:5: 672 daAuts
     D:4: 553 daAuts
     D:7: 53 daAuts
